 Dungeon Crawl Stone Soup version 0.14-a0-218-g24e112a (webtiles) character file.

72 Econoterrorist the Insei (level 2, -1/21 HPs)
             Began as a Demonspawn Transmuter on Oct 9, 2013.
             Slain by an adder (2 damage)
             ... on Level 2 of the Dungeon.
             The game lasted 00:04:48 (1310 turns).

Econoterrorist the Insei (Demonspawn Transmuter)    Turns: 1310, Time: 00:04:48

HP  -1/21        AC  4     Str 10      XL: 2   Next: 51%
MP   3/3         EV 17     Int 14      God:
Gold 54          SH  0     Dex 18      Spells:  1 memorised,  4 levels left

Res.Fire  : . . .   See Invis. : .     - Unarmed
Res.Cold  : . . .   Warding    : .   c - +0 robe
Life Prot.: . . .   Conserve   : .   (no shield)
Res.Poison: .       Res.Corr.  : .   (no helmet)
Res.Elec. : .       Clarity    : .   (no cloak)
Sust.Abil.: . .     Spirit.Shd : .   (no gloves)
Res.Mut.  : .       Stasis     : .   (no boots)
Res.Rott. : .       Flight     : .   g - amulet of rage
Saprovore : . . .                    (no ring)
                                     (no ring)

@: agile, not resistant to hostile enchantments, stealthy
A: AC +2
a: Evoke Berserk Rage


You were on level 2 of the Dungeon.
You were not hungry.

You visited 1 branch of the dungeon, and saw 2 of its levels.

You collected 34 gold pieces.

Inventory:

Missiles
 b - 12 arrows
Armour
 c - a +0 robe (worn)
Comestibles
 a - a bread ration
 j - a choko
 n - a meat ration
Scrolls
 e - 2 scrolls of teleportation {unknown}
 f - 2 scrolls of remove curse {unknown}
 k - a scroll of curse weapon {unknown}
 l - a scroll of blinking {unknown}
 m - a scroll of enchant armour {unknown}
 p - a scroll of identify {unknown}
Jewellery
 g - an amulet of rage (around neck)
 o - an uncursed ring of ice
Potions
 i - a potion of brilliance {unknown}
Books
 d - a book of Changes

   Spells                             Type                      Level
   *Beastly Appendage                 Transmutation                1
   Sticks to Snakes                   Transmutation                2
   Spider Form                        Transmutation/Poison         3
   Ice Form                           Ice/Transmutation            4
   Blade Hands                        Transmutation                5


   Skills:
 - Level 1.0 Fighting
 - Level 1.7 Dodging
 + Level 3.5 Unarmed Combat
 - Level 2.0 Spellcasting
 - Level 1.7 Transmutations


You had 4 spell levels left.
You knew the following spells:

 Your Spells              Type           Power        Failure   Level  Hunger
a - Beastly Appendage     Trmt           #.....       14%         1    ##.....


Dungeon Overview and Level Annotations

Branches:
Dungeon (2/27)

Altars:


Innate Abilities, Weirdness & Mutations

You are partially covered in slimy green scales (AC +2).


Message History

The hobgoblin misses you. The kobold hits you with a short sword.
The hobgoblin closely misses you.
You hit the hobgoblin but do no damage.
The hobgoblin is heavily wounded.
The hobgoblin hits you. The kobold barely misses you.
The hobgoblin hits you but does no damage.
The adder closely misses you. The adder completely misses you.
The hobgoblin hits you.
* * * LOW HITPOINT WARNING * * *
The hobgoblin closely misses you.
The kobold throws a dart.
The dart hits you!
* * * LOW HITPOINT WARNING * * *
The adder bites you.
* * * LOW HITPOINT WARNING * * *
You see here a dart.
There is a stone staircase leading up here.
Drink which item? (? for menu, Esc to quit)
You feel more agile all of a sudden.
It was a potion of agility.
The adder bites you.
You die...

######....................
..........................
#####.###≈###.........$....
#...#.#≈#.#..............
#.###.#≈#.###.#..........
#.....#≈#.....#gK.......
###.###.#≈#.###.g......##.
......#.#≈#.#...Sl.....#
#####.###≈###...@......#
#..................#
##.######.........##
######................#
......................#
#############.........#
#......... #########


You could see an adder, a giant gecko, 2 hobgoblins and a kobold.

Vanquished Creatures
  A giant gecko (D:1)
  A giant cockroach (D:1)
  2 goblins
  3 hobgoblins
  5 bats
  A giant newt (D:1)
  2 kobolds
  3 rats
18 creatures vanquished.

Notes
Turn   | Place    | Note
--------------------------------------------------------------
     0 | D:1      | Econoterrorist, the Demonspawn Transmuter, began the quest for the Orb.
     0 | D:1      | Reached XP level 1. HP: 15/15 MP: 1/1
   172 | D:1      | Reached skill level 3 in Unarmed Combat
   547 | D:1      | Gained mutation: You are partially covered in slimy green scales (AC +2). [demonic ancestry]
   547 | D:1      | Reached XP level 2. HP: 21/21 MP: 3/3
  1308 | D:2      | HP: 1/21 [adder (4)]
  1310 | D:2      | Slain by an adder

Action                   || total
-------------------------++-------
Melee: Unarmed           ||   100
  Use: Potion            ||     1
